[Event "Titled Tuesday Blitz April 11 Early 2023"]
[White "Liew, Chee-Meng Jimmy"]
[Black "Ljukin, Sergei"]
[WhiteFideId "5700019"]
[BlackFideId "14102200"]
[WhiteElo "2245"]
[BlackElo "2312"]
[Result "1-0"]
[Round "07"]
[TimeControl "180+2"]
[Date "2023.04.11"]
[WhiteClock "0:02:07"]
[BlackClock "0:00:03"]

1. d4 d5 2. Nc3 Nf6 3. Bg5 Nbd7 4. Qd3 h6 5. Bh4 g5 6. Bg3 e6 7. e4 Bb4 8. e5 Ne4 9. a3 Bxc3+ 10. bxc3 c5 11. f3 c4 12. Qe3 Nxg3 13. hxg3 Nf8 14. f4 Ng6 15. Nf3 Bd7 16. Be2 Qb6 17. fxg5 hxg5 18. Rxh8+ Nxh8 19. Kf2 O-O-O 20. Nxg5 Qb2 21. Rh1 Ng6 22. Rh7 Qxc2 23. Rxf7 Rf8 24. Rxf8+ Nxf8 25. Qf4 Qf5 26. Qxf5 exf5 27. Bf3 Bc6 28. Nf7 Kd7 29. Nd6 Ke6 30. g4 f4 31. g5 Ng6 32. Bg4+ Ke7 33. Kf3 Bd7 34. Bxd7 Kxd7 35. Kg4 Ke6 36. Nxb7 1-0


[Site "https://www.chess.com"]

[Event "Titled Tuesday Blitz April 11 Early 2023"]
[White "Haub, Thorsten Michael"]
[Black "Demin, Vladimir"]
[WhiteFideId "4610776"]
[BlackFideId "4167457"]
[WhiteElo "2344"]
[BlackElo "2545"]
[Result "0-1"]
[Round "07"]
[TimeControl "180+2"]
[Date "2023.04.11"]
[WhiteClock "0:00:05"]
[BlackClock "0:00:15"]

1. g3 d5 2. Bg2 e5 3. d3 c6 4. Nf3 Bd6 5. e4 Nf6 6. Nbd2 O-O 7. O-O a5 8. a3 Nbd7 9. b3 Re8 10. Bb2 b5 11. exd5 cxd5 12. c4 bxc4 13. dxc4 Bb7 14. cxd5 Bxd5 15. Nc4 Bc7 16. Re1 a4 17. Nfxe5 Nxe5 18. Nxe5 Bxg2 19. Qxd8 Rexd8 20. Kxg2 axb3 21. Nc6 Rd2 22. Bc3 Rc2 23. Ne7+ Kf8 24. Bxf6 gxf6 25. Nd5 Be5 26. Rab1 Rxa3 27. Ne3 Rc8 28. f4 Bd4 29. Re2 b2 30. Nf5 Bc3 31. Rbxb2 Bxb2 32. Rxb2 Rd8 33. h4 Ra5 34. Ne3 Rd3 35. Re2 Kg7 36. Kf2 Kg6 37. g4 h5 38. f5+ Kh6 39. Kf3 hxg4+ 40. Kxg4 Raa3 41. Kf3 Kh5 42. Re1 Kxh4 43. Kf4 Ra4+ 44. Kf3 Kg5 45. Rg1+ Kh6 46. Rh1+ Kg7 47. Re1 Rb3 48. Re2 Kf8 49. Rh2 Raa3 50. Re2 Ra5 51. Kf4 Re5 52. Re1 Rb4+ 53. Kf3 Rbe4 54. Re2 Ke8 55. Kf2 Kd7 56. Kf3 Kc6 57. Rc2+ Kd7 58. Rc3 Ke8 59. Ra3 Rb4 60. Ra8+ Ke7 61. Ra3 Kf8 62. Ra8+ Kg7 63. Ra3 Rc5 64. Kg3 Rb1 65. Kf3 Rcc1 66. Ra4 Rg1 67. Rh4 Rg5 68. Rh2 Rb3 69. Kf4 Rg1 70. Rh3 Kf8 71. Rh8+ Kg7 72. Rh2 Ra1 73. Rg2+ Kf8 74. Re2 Ra4+ 75. Kf3 Rbb4 76. Re1 Rf4+ 77. Kg3 Rae4 78. Re2 Rxf5 79. Re1 Rfe5 80. Kf3 Rxe3+ 81. Rxe3 Rxe3+ 82. Kxe3 Kg7 83. Kf4 Kg6 84. Kg4 f5+ 85. Kf4 Kf6 86. Kf3 Ke5 87. Ke3 f4+ 88. Kf3 Kf5 89. Kf2 Ke4 90. Ke2 f3+ 91. Kf2 Kf4 92. Kf1 Ke3 93. Ke1 f2+ 94. Kf1 f6 0-1


[Site "https://www.chess.com"]

[Event "Titled Tuesday Blitz April 11 Early 2023"]
[White "egorchess95"]
[Black "Mogirzan, Matei-Valeriu"]
[BlackFideId "1257455"]
[WhiteElo "2541"]
[BlackElo "1733"]
[Result "1-0"]
[Round "07"]
[TimeControl "180+2"]
[Date "2023.04.11"]
[WhiteClock "0:00:59"]
[BlackClock "0:00:41"]

1. Nf3 Nc6 2. e4 e5 3. Bb5 f5 4. d3 Bc5 5. O-O d6 6. exf5 Nf6 7. d4 Bb6 8. dxe5 Ne4 9. Qd5 Bxf5 10. exd6 Qf6 11. Bxc6+ bxc6 12. Qxc6+ Kf7 13. Qd5+ Kg6 14. Ne5+ Kh5 15. Qd1+ Kh4 16. g3+ Kh3 17. Qh5+ 1-0


[Site "https://www.chess.com"]

[Event "Titled Tuesday Blitz April 11 Early 2023"]
[White "Arat, Ufuk Sezen"]
[Black "Gurevich, Dmitry"]
[WhiteFideId "6309089"]
[BlackFideId "2000407"]
[WhiteElo "2289"]
[BlackElo "2506"]
[Result "1-0"]
[Round "07"]
[TimeControl "180+2"]
[Date "2023.04.11"]
[WhiteClock "0:01:42"]
[BlackClock "0:00:32"]

1. e4 c5 2. Nc3 g6 3. f4 Bg7 4. Nf3 Nc6 5. Bb5 Nd4 6. a4 a6 7. Bc4 d6 8. d3 Nf6 9. Nxd4 cxd4 10. Ne2 d5 11. exd5 Nxd5 12. O-O O-O 13. Ng3 h5 14. f5 h4 15. fxg6 hxg3 16. gxf7+ Rxf7 17. Rxf7 gxh2+ 18. Kh1 Kxf7 19. Qh5+ Kg8 20. Bxd5+ e6 21. Be4 Qf6 22. Bg5 Qf7 23. Bg6 Qf2 24. Bh4 Qf4 25. Bg5 Qf2 26. Be7 1-0


[Site "https://www.chess.com"]

[Event "Titled Tuesday Blitz April 11 Early 2023"]
[White "Francisco Guecamburu, Candela Be"]
[Black "La Villa Rivas, Marlon Javier"]
[WhiteFideId "160911"]
[BlackFideId "3519546"]
[WhiteElo "2326"]
[BlackElo "2135"]
[Result "1-0"]
[Round "07"]
[TimeControl "180+2"]
[Date "2023.04.11"]
[WhiteClock "0:01:59"]
[BlackClock "0:01:10"]

1. e4 c5 2. Nf3 d6 3. Bb5+ Bd7 4. Bxd7+ Qxd7 5. c4 Nc6 6. d4 cxd4 7. Nxd4 g6 8. Be3 Bg7 9. Nc3 Nf6 10. f3 O-O 11. O-O Rac8 12. b3 a6 13. Qd3 Ne5 14. Qd2 Qc7 15. Rac1 Qa5 16. a4 Qc7 17. Rfd1 Rfd8 18. h3 h5 19. f4 Ned7 20. Nd5 Nxd5 21. exd5 Nc5 22. Qc2 a5 23. f5 Kh7 24. fxg6+ fxg6 25. Nf3 Qd7 26. Ng5+ Kg8 27. Qxg6 Qe8 28. Qh7+ Kf8 29. Rf1+ 1-0


[Site "https://www.chess.com"]

[Event "Titled Tuesday Blitz April 11 Early 2023"]
[White "Rose, Felix"]
[Black "Budrewicz, Krzysztof"]
[WhiteFideId "5105722"]
[BlackFideId "1127950"]
[WhiteElo "2039"]
[BlackElo "2230"]
[Result "0-1"]
[Round "07"]
[TimeControl "180+2"]
[Date "2023.04.11"]
[WhiteClock "0:00:03"]
[BlackClock "0:01:38"]

1. e4 g6 2. d4 Bg7 3. Nf3 d6 4. Nc3 a6 5. a4 Nc6 6. h3 Nf6 7. Be3 O-O 8. Be2 e5 9. dxe5 Nxe5 10. O-O Bd7 11. Qd2 Bc6 12. Nxe5 dxe5 13. Bd3 Nh5 14. Bg5 Bf6 15. Be3 Qe7 16. Rfd1 Rfd8 17. Qe1 Nf4 18. Bf1 Rxd1 19. Rxd1 Re8 20. g3 Ne6 21. Nd5 Bxd5 22. Rxd5 Nd4 23. Qd1 c6 24. Ra5 Qb4 25. Bxd4 exd4 26. e5 Bg7 27. e6 Qxa5 28. exf7+ Kxf7 29. Bc4+ Ke7 30. Qf3 Rf8 31. Qe4+ Qe5 32. Qh4+ Qf6 33. Qe4+ Kd7 34. Bd3 Qxf2+ 35. Kh1 Qf3+ 36. Qxf3 Rxf3 0-1


[Site "https://www.chess.com"]

[Event "Titled Tuesday Blitz April 11 Early 2023"]
[White "Gogolev, Artem"]
[Black "lolliNOPE"]
[WhiteFideId "4116615"]
[WhiteElo "2182"]
[BlackElo "2174"]
[Result "1-0"]
[Round "07"]
[TimeControl "180+2"]
[Date "2023.04.11"]
[WhiteClock "0:00:29"]
[BlackClock "0:00:16"]

1. d4 d5 2. c4 e6 3. g3 Nf6 4. Bg2 Be7 5. Nf3 O-O 6. O-O b6 7. cxd5 exd5 8. Nc3 Bb7 9. Bf4 c5 10. dxc5 bxc5 11. Ne5 Na6 12. Qa4 Qb6 13. Qb3 Qxb3 14. axb3 Rfd8 15. Rfd1 Nb4 16. Ra5 a6 17. Na4 Rac8 18. Nb6 Rb8 19. Nd3 Bd6 20. Nxc5 Bxf4 21. gxf4 Bc6 22. Nba4 Bb5 23. Nc3 Be8 24. Nxa6 Nxa6 25. Rxa6 Rxb3 26. Nxd5 Nxd5 27. Bxd5 Rxb2 28. Bxf7+ 1-0


[Site "https://www.chess.com"]

[Event "Titled Tuesday Blitz April 11 Early 2023"]
[White "Bocharov, Dmitry"]
[Black "Palacio,Igor Da Paz"]
[WhiteFideId "4138716"]
[BlackFideId "2121140"]
[WhiteElo "2469"]
[BlackElo "2126"]
[Result "1-0"]
[Round "07"]
[TimeControl "180+2"]
[Date "2023.04.11"]
[WhiteClock "0:01:33"]
[BlackClock "0:00:03"]

1. d4 Nf6 2. c4 g6 3. g3 Bg7 4. Bg2 d6 5. Nc3 O-O 6. Nf3 a6 7. O-O Nbd7 8. e4 e5 9. Qc2 exd4 10. Nxd4 Re8 11. Rd1 Rb8 12. h3 h6 13. Be3 Kh7 14. b3 Ng8 15. Rac1 Ne7 16. Qd2 Nc6 17. f4 Nxd4 18. Bxd4 Bxd4+ 19. Qxd4 Qe7 20. Nd5 Qd8 21. b4 c6 22. Ne3 Qb6 23. Qxb6 Nxb6 24. Rxd6 Be6 25. c5 Nc8 26. Rd2 Ne7 27. a3 Kg7 28. Kf2 f5 29. e5 h5 30. a4 Rbd8 31. Rcd1 Rxd2+ 32. Rxd2 Ra8 33. a5 Kf7 34. Bf1 Rh8 35. h4 Nd5 36. Bc4 Nxb4 37. Rd7+ Ke8 38. Bxe6 Rh7 39. Rxh7 1-0


[Site "https://www.chess.com"]

[Event "Titled Tuesday Blitz April 11 Early 2023"]
[White "Sowul, Bartosz"]
[Black "Manukyan, Sargis A."]
[WhiteFideId "1137590"]
[BlackFideId "13303970"]
[WhiteElo "2188"]
[BlackElo "2187"]
[Result "1-0"]
[Round "07"]
[TimeControl "180+2"]
[Date "2023.04.11"]
[WhiteClock "0:00:21"]
[BlackClock "0:00:19"]

1. e4 c5 2. Nc3 d6 3. d4 cxd4 4. Qxd4 Nc6 5. Qd2 g6 6. b3 Bh6 7. f4 Nf6 8. Bb2 O-O 9. O-O-O e5 10. g3 Nh5 11. Kb1 exf4 12. Nd5 Be6 13. gxf4 Bxd5 14. exd5 Bxf4 15. Qf2 Ne5 16. Be2 Bh6 17. Bxh5 gxh5 18. Ne2 Ng6 19. Bf6 Qd7 20. Nd4 Bg7 21. Rdf1 Bxf6 22. Qxf6 Qd8 23. Qf3 Kh8 24. Nf5 Ne5 25. Qxh5 Rg8 26. Rf4 Rg6 27. Rh4 Qg8 28. Ne7 Qg7 29. Nxg6+ fxg6 30. Qe2 a5 31. a4 Rb8 32. Rf1 b6 33. Rhf4 h5 34. Rf6 Rd8 35. Qe3 Kh7 36. Qxb6 Rd7 37. Rxd6 Re7 38. Qd4 Ng4 39. Qxg7+ Kxg7 40. Re6 Rd7 41. h3 Nh6 42. Rff6 Nf5 43. Rxg6+ Kh7 44. d6 Nd4 45. Re7+ Kxg6 46. Rxd7 Ne6 47. Re7 Kf6 48. Re8 Nc5 49. Rh8 Ke6 50. Rxh5 Nd7 51. Rxa5 Kxd6 52. c4 Kc6 53. h4 Nf8 54. h5 Kb6 55. Rb5+ Ka6 56. h6 Nh7 57. Rf5 Kb6 58. Rf7 Ng5 59. Rf6+ Ka5 60. Rg6 Kb4 61. Rxg5 Ka3 62. a5 Kb4 63. a6 Ka3 64. a7 Kb4 65. a8=Q Kc3 66. Qa5+ Kd3 67. Rd5+ Ke2 68. Qd8 Kf3 69. Qf6+ Kg2 70. Rg5+ Kh1 71. Qf3+ Kh2 72. Qh5# 1-0


[Site "https://www.chess.com"]

[Event "Titled Tuesday Blitz April 11 Early 2023"]
[White "Belov, Alexei"]
[Black "Kopczynski, Michal"]
[WhiteFideId "4128206"]
[BlackFideId "1124200"]
[WhiteElo "2624"]
[BlackElo "2212"]
[Result "1-0"]
[Round "07"]
[TimeControl "180+2"]
[Date "2023.04.11"]
[WhiteClock "0:01:16"]
[BlackClock "0:00:19"]

1. e4 c5 2. Nf3 d6 3. d4 cxd4 4. Nxd4 Nf6 5. Nc3 g6 6. Be3 Bg7 7. f3 O-O 8. Qd2 Nc6 9. Bc4 Bd7 10. O-O-O Rc8 11. Bb3 Nxd4 12. Bxd4 b5 13. a3 a5 14. Rhe1 b4 15. axb4 axb4 16. Nd5 Nxd5 17. Bxg7 Kxg7 18. exd5 Qa5 19. Qd4+ Kg8 20. Rxe7 Ba4 21. Ra7 Qxa7 22. Qxa7 Bxb3 23. Rd2 Ra8 24. Qxa8 Rxa8 25. cxb3 Rc8+ 26. Rc2 Rc5 27. Rxc5 dxc5 28. Kd2 Kf8 29. Kd3 Ke7 30. Kc4 Kd6 31. f4 f6 32. g4 h6 33. h4 g5 34. fxg5 hxg5 35. h5 f5 36. h6 f4 37. h7 f3 38. h8=Q f2 39. Qf6+ 1-0


[Site "https://www.chess.com"]

[Event "Titled Tuesday Blitz April 11 Early 2023"]
[White "Chylewski, Patryk"]
[Black "Melikhov, Evgeny V."]
[WhiteFideId "1186191"]
[BlackFideId "4122046"]
[WhiteElo "2163"]
[BlackElo "2158"]
[Result "0-1"]
[Round "07"]
[TimeControl "180+2"]
[Date "2023.04.11"]
[WhiteClock "0:00:39"]
[BlackClock "0:00:18"]

1. e4 e5 2. Nf3 Nc6 3. d4 exd4 4. Bc4 Nf6 5. e5 d5 6. Bb5 Ne4 7. Nxd4 Bd7 8. Bxc6 bxc6 9. O-O Bc5 10. f3 Ng5 11. f4 Ne4 12. Be3 Qe7 13. Nd2 Nxd2 14. Qxd2 O-O 15. Rae1 Bb6 16. Nb3 a5 17. Qc3 Qb4 18. Qd3 a4 19. a3 Bxe3+ 20. Qxe3 Qb6 21. Nc5 Bf5 22. Qc3 Ra5 23. g4 Be4 24. b4 axb3 25. cxb3 Qxc5+ 26. Qxc5 Rxc5 27. Rc1 Rb5 28. b4 Ra8 29. Rxc6 Rxa3 30. Rxc7 h6 31. f5 Ra2 32. Rfc1 Rg2+ 33. Kf1 Rxg4 34. e6 fxe6 35. fxe6 Rf4+ 36. Ke2 Rf8 37. Rc8 Rb8 38. R8c7 Rfe8 39. Rg1 Rxe6 40. Rcxg7+ Kh8 41. Kd2 Ree8 42. Kc3 Rg8 43. Rxg8+ Rxg8 44. Rd1 Rc8+ 45. Kb2 Rb8 46. Kc3 Kg7 47. Rd2 Kf6 48. Rb2 Ke5 49. b5 d4+ 50. Kd2 Kd5 51. b6 Kc5 52. Ra2 Rxb6 53. Ra5+ Rb5 54. Ra6 Rb2+ 55. Kc1 Rxh2 56. Kd1 h5 57. Rh6 h4 0-1


[Site "https://www.chess.com"]

[Event "Titled Tuesday Blitz April 11 Early 2023"]
[White "Janaszak, Dawid"]
[Black "Nurgaliyeva, Zarina"]
[WhiteFideId "1119206"]
[BlackFideId "13730096"]
[WhiteElo "2220"]
[BlackElo "2134"]
[Result "0-1"]
[Round "07"]
[TimeControl "180+2"]
[Date "2023.04.11"]
[WhiteClock "0:01:41"]
[BlackClock "0:00:35"]

1. e4 e5 2. Nf3 Nc6 3. d4 exd4 4. Nxd4 Qf6 5. Nf3 Bb4+ 6. c3 Bc5 7. Bd3 h6 8. O-O Nge7 9. b4 Bb6 10. b5 Ne5 11. Nxe5 Qxe5 12. Nd2 Qxc3 13. Nb3 O-O 14. Ba3 d6 15. Rc1 Qf6 16. Qe2 Ng6 17. g3 Bh3 18. Rfe1 Ne5 19. Red1 Bg4 20. Qf1 Bxd1 21. Rxd1 Ng4 22. Kg2 Nxf2 23. Rd2 Nxd3 24. Qxd3 Rfe8 25. Bb2 Qe6 26. Re2 d5 27. e5 a6 28. bxa6 Rxa6 29. a3 c5 30. Qb5 Qc6 31. a4 Qxb5 32. axb5 Ra2 33. Nc1 Ra5 34. Nd3 Rxb5 35. Nf4 c4 36. e6 fxe6 37. Nh5 d4 38. Kh3 c3 39. Bc1 d3 40. Ra2 Rxh5+ 41. Kg4 Rd5 42. Bf4 d2 0-1


[Site "https://www.chess.com"]

[Event "Titled Tuesday Blitz April 11 Early 2023"]
[White "Gontcharov, Vladislav"]
[Black "Halldorsson, Halldor"]
[WhiteFideId "4123492"]
[BlackFideId "2301369"]
[WhiteElo "2420"]
[BlackElo "2190"]
[Result "1-0"]
[Round "07"]
[TimeControl "180+2"]
[Date "2023.04.11"]
[WhiteClock "0:00:43"]
[BlackClock "0:00:34"]

1. d4 Nf6 2. c4 g6 3. Nc3 d5 4. Qb3 dxc4 5. Qxc4 Bg7 6. e4 O-O 7. Nf3 Na6 8. Qb3 c5 9. d5 e6 10. Bxa6 bxa6 11. O-O exd5 12. exd5 Ne8 13. Be3 Rb8 14. Qa3 c4 15. Bxa7 Ra8 16. Bc5 Nf6 17. Bxf8 Bxf8 18. Qa4 Nxd5 19. Qxc4 Be6 20. Nxd5 Bxd5 21. Qe2 Qf6 22. Rfd1 Bb7 23. Rd3 Bc5 24. Rad1 Kg7 25. Qd2 Be4 26. Rb3 a5 27. Qc3 a4 28. Qxf6+ Kxf6 29. Rc3 a3 30. bxa3 Bxa3 31. Rc7 Be7 32. Re1 Bxf3 33. gxf3 Bb4 34. Re4 Bf8 35. a4 Bh6 36. Kg2 Ra5 37. Rb7 Rg5+ 38. Kf1 Rf5 39. Ke2 Bf4 40. Rb5 Be5 41. a5 1-0


[Site "https://www.chess.com"]

[Event "Titled Tuesday Blitz April 11 Early 2023"]
[White "Omelja, Artem"]
[Black "Manon-og, Ramon Jr."]
[WhiteFideId "14119846"]
[BlackFideId "5200776"]
[WhiteElo "2404"]
[BlackElo "2398"]
[Result "1-0"]
[Round "07"]
[TimeControl "180+2"]
[Date "2023.04.11"]
[WhiteClock "0:01:49"]
[BlackClock "0:01:41"]

1. d4 Nf6 2. c4 g6 3. Nc3 d5 4. cxd5 Nxd5 5. e4 Nxc3 6. bxc3 c5 7. Nf3 Bg7 8. Be3 O-O 9. Be2 cxd4 10. cxd4 Qa5+ 11. Qd2 Qxd2+ 12. Nxd2 Rd8 13. Nb3 Be6 14. Rd1 Bxb3 15. axb3 Nc6 16. d5 Bc3+ 17. Kf1 Na5 18. Rd3 Rdc8 19. Bd1 b5 20. Rxc3 Rxc3 21. Bd2 Rxb3 22. Bxa5 e6 23. Bxb3 1-0


[Site "https://www.chess.com"]

[Event "Titled Tuesday Blitz April 11 Early 2023"]
[White "Karamsetty, Jeevan"]
[Black "Sliwicki, Damian"]
[WhiteFideId "2025337"]
[BlackFideId "1127128"]
[WhiteElo "2111"]
[BlackElo "2030"]
[Result "1-0"]
[Round "07"]
[TimeControl "180+2"]
[Date "2023.04.11"]
[WhiteClock "0:00:47"]
[BlackClock "0:00:01"]

1. e4 c5 2. Nc3 g6 3. g3 Bg7 4. Bg2 Nc6 5. d3 e5 6. Nge2 Nge7 7. O-O O-O 8. f4 f5 9. fxe5 Nxe5 10. Bg5 Qe8 11. Bxe7 Qxe7 12. exf5 Rxf5 13. Rxf5 gxf5 14. Nd5 Qe6 15. Nef4 Qh6 16. h3 d6 17. c3 Be6 18. Nc7 Ng6 19. Ncxe6 Nxf4 20. Nxf4 Re8 21. Qb3+ Kh8 22. Rf1 Qg5 23. Qxb7 Rg8 24. Qf3 Be5 25. Ne6 Qd2 26. Nf4 Qxb2 27. c4 Qxa2 28. Nh5 Qd2 29. Qxf5 Rg5 30. Qc8+ Rg8 31. Qf5 1-0


[Site "https://www.chess.com"]

[Event "Titled Tuesday Blitz April 11 Early 2023"]
[White "Harriott, Tyrell"]
[Black "Garv Gaur"]
[WhiteFideId "2086484"]
[BlackFideId "45030839"]
[WhiteElo "2107"]
[BlackElo "2068"]
[Result "1-0"]
[Round "07"]
[TimeControl "180+2"]
[Date "2023.04.11"]
[WhiteClock "0:00:37"]
[BlackClock "0:00:13"]

1. d4 Nf6 2. e3 c5 3. c3 d5 4. Bd3 Nc6 5. f4 Bg4 6. Ne2 e6 7. Nd2 Bd6 8. O-O cxd4 9. exd4 Qc7 10. Nf3 Ne4 11. Bxe4 dxe4 12. Ng5 Bf5 13. Ng3 O-O-O 14. N5xe4 h5 15. Qe2 Bg4 16. Qc4 Be7 17. h3 Bf5 18. Nxf5 exf5 19. Nc5 Kb8 20. Be3 Bd6 21. Nd3 Qe7 22. Bf2 Rc8 23. Nc5 Bxc5 24. dxc5 Rhd8 25. Rad1 a6 26. b4 g5 27. fxg5 Qxg5 28. a4 Rg8 29. Qd5 Rcd8 30. Qf3 Rxd1 31. Rxd1 Ne5 32. Qd5 f4 33. Bd4 f3 34. Qxe5+ Qxe5 35. Bxe5+ Kc8 36. Rd2 f5 37. Kh2 fxg2 38. Rxg2 Re8 39. Re2 f4 40. Kg2 Kd7 41. Kg1 Kc6 42. Kf2 Kd5 43. Bxf4 Rf8 44. Kg3 Kc4 45. Be5 Kd3 46. Rf2 Re8 47. Rf5 Ke4 48. Rxh5 Rxe5 49. Rxe5+ Kxe5 50. h4 Kf5 51. b5 a5 52. h5 Kg5 53. c6 1-0


[Site "https://www.chess.com"]

[Event "Titled Tuesday Blitz April 11 Early 2023"]
[White "Koridze, Lile"]
[Black "Dushyant Sharma"]
[WhiteFideId "13612514"]
[BlackFideId "25065130"]
[WhiteElo "2047"]
[BlackElo "2198"]
[Result "0-1"]
[Round "07"]
[TimeControl "180+2"]
[Date "2023.04.11"]
[WhiteClock "0:00:26"]
[BlackClock "0:00:05"]

1. d4 d5 2. c4 e6 3. Nf3 Nf6 4. g3 Be7 5. Bg2 O-O 6. O-O dxc4 7. Qc2 c5 8. dxc5 Nc6 9. Qxc4 e5 10. Nc3 Be6 11. Qa4 Bxc5 12. a3 a5 13. Bg5 Be7 14. Rfd1 Qb6 15. Qc2 Bb3 16. Na4 Qb5 17. Nc3 Bxc2 18. Nxb5 Bxd1 19. Rxd1 Rfd8 20. Rc1 Rac8 21. Bh3 Rb8 22. Nd2 h6 23. Be3 Nd5 24. Bc5 Bxc5 25. Rxc5 Ne3 26. fxe3 Rxd2 27. Kf2 Rxb2 28. Bg2 Rd8 29. Nc3 Rc2 30. Be4 Rc1 31. Bd3 g6 32. e4 Nd4 33. Ke3 Ne6 34. Rc4 Ra1 35. a4 Ra3 36. Kd2 Ra1 37. Nd5 Rh1 38. h4 Rg1 39. Nf6+ Kg7 40. Ng4 Rxg3 41. Nxe5 Nf4 42. Rc7 Rf8 43. Bc4 Rg2 44. Nxf7 Kf6 45. e5+ Kf5 46. Nxh6+ Kxe5 47. Nf7+ Kd4 48. Bb5 Ne6 49. Rc4+ Kd5 50. Nh6 Nc5 51. Ke3 b6 52. Rc2 Rf6 53. Rd2+ Ke5 54. Rd8 Re6 55. Kf3 Rg1 56. Ng4+ Rxg4 57. Kxg4 Ke4 58. Kg5 Ke3 59. Rg8 Ne4+ 60. Kg4 Nf6+ 61. Kg5 Nxg8 62. Bc4 Re8 0-1


[Site "https://www.chess.com"]

[Event "Titled Tuesday Blitz April 11 Early 2023"]
[White "Deng, Henry"]
[Black "Derichs, Roger"]
[WhiteFideId "30965454"]
[BlackFideId "4630076"]
[WhiteElo "2506"]
[BlackElo "2381"]
[Result "1-0"]
[Round "07"]
[TimeControl "180+2"]
[Date "2023.04.11"]
[WhiteClock "0:02:21"]
[BlackClock "0:01:39"]

1. e4 e6 2. d4 d5 3. Nd2 c5 4. Ngf3 Nc6 5. exd5 exd5 6. Bb5 cxd4 7. O-O Bd6 8. Re1+ Ne7 9. Nxd4 O-O 10. N2f3 Bc7 11. h3 Qd6 12. c3 Nf5 13. Bg5 f6 14. Nxf5 Bxf5 15. Bh4 Bb6 16. Kh1 Qc5 17. Ba4 Be4 18. Bb3 Bc7 19. Rxe4 1-0


[Site "https://www.chess.com"]

[Event "Titled Tuesday Blitz April 11 Early 2023"]
[White "Leenhouts, Koen"]
[Black "Ruiz Aguilar, Pablo Alexander"]
[WhiteFideId "1008439"]
[BlackFideId "4401352"]
[WhiteElo "2409"]
[BlackElo "2138"]
[Result "0-1"]
[Round "07"]
[TimeControl "180+2"]
[Date "2023.04.11"]
[WhiteClock "0:00:05"]
[BlackClock "0:00:13"]

1. e4 c5 2. Nf3 e6 3. g3 Nc6 4. Bg2 g6 5. d4 Bg7 6. d5 Nd4 7. O-O d6 8. Nxd4 cxd4 9. c3 dxc3 10. Nxc3 Ne7 11. Bg5 h6 12. Be3 O-O 13. Qd2 Kh7 14. dxe6 Bxe6 15. Rad1 Nc6 16. Qxd6 Qa5 17. Qc5 Qxc5 18. Bxc5 Rfc8 19. Nd5 Bxb2 20. Rb1 Bg7 21. Rxb7 Rab8 22. Rxb8 Rxb8 23. a3 Rb3 24. Rd1 a5 25. Bf1 Ne5 26. Nf4 Bg4 27. Be2 Bxe2 28. Nxe2 Nd3 29. Nd4 Nxc5 30. Nxb3 Nxb3 31. Rd7 Kg8 32. a4 Nc5 33. Rd5 Bf8 34. e5 Nxa4 35. Rxa5 Nc3 36. f4 Bb4 37. Ra8+ Kg7 38. Kg2 Nd5 39. Ra7 Ne3+ 40. Kf3 Nf5 41. e6 Nd4+ 42. Ke4 Nxe6 43. h4 Bc5 44. Rb7 h5 45. Kf3 Bd6 46. Rd7 Bf8 47. Rb7 Nd4+ 48. Ke4 Nf5 49. Kf3 Kf6 50. Rd7 Ke6 51. Ra7 Bc5 52. Ra6+ Bd6 53. Rb6 Kd5 54. Rb5+ Kc6 55. Rb1 Bc5 56. Rc1 Kd5 57. Rd1+ Ke6 58. Kg2 Ne3+ 59. Kf3 Nxd1 60. g4 Nc3 0-1


[Site "https://www.chess.com"]

[Event "Titled Tuesday Blitz April 11 Early 2023"]
[White "Andrews, Todd"]
[Black "Lorenzo De La Riva, Lazaro"]
[WhiteFideId "2012456"]
[BlackFideId "2268809"]
[WhiteElo "2343"]
[BlackElo "2294"]
[Result "0-1"]
[Round "07"]
[TimeControl "180+2"]
[Date "2023.04.11"]
[WhiteClock "0:00:01"]
[BlackClock "0:00:37"]

1. e4 c6 2. c4 e5 3. Nf3 d6 4. Nc3 Nf6 5. d4 Nbd7 6. Be2 Be7 7. O-O O-O 8. Qc2 a6 9. Rd1 Qc7 10. d5 c5 11. a4 b6 12. Bf1 g6 13. Ra3 Ne8 14. Bh6 Ng7 15. Nb1 Nf6 16. Ne1 Ng4 17. Bc1 f5 18. f3 Nf6 19. Nd2 f4 20. g4 h5 21. h3 Nh7 22. a5 bxa5 23. Nb3 Bh4 24. Nxa5 Ng5 25. Bg2 Ne8 26. Nd3 hxg4 27. hxg4 Bg3 28. Ne1 Qh7 29. Kf1 Qh2 30. Nc6 Bxg4 31. Ne7+ Kf7 32. fxg4 Kxe7 33. Nf3 Nxf3 34. Rxf3 Nf6 35. b4 Rfc8 36. bxc5 Rxc5 37. Ba3 Rac8 38. Bxc5 Rxc5 39. Rb1 Nxg4 40. Rb7+ Kf6 41. Qe2 Kg5 42. Rg7 Ra5 0-1


[Site "https://www.chess.com"]

[Event "Titled Tuesday Blitz April 11 Early 2023"]
[White "Turzo, Attila"]
[Black "Dwilewicz, Katarzyna"]
[WhiteFideId "704954"]
[BlackFideId "1148486"]
[WhiteElo "2493"]
[BlackElo "2065"]
[Result "1-0"]
[Round "07"]
[TimeControl "180+2"]
[Date "2023.04.11"]
[WhiteClock "0:00:06"]
[BlackClock "0:00:04"]

1. e4 c5 2. Nc3 e6 3. f4 Nc6 4. Nf3 d5 5. Bb5 Ne7 6. d3 a6 7. Bxc6+ Nxc6 8. O-O Be7 9. Kh1 dxe4 10. dxe4 Qxd1 11. Rxd1 b5 12. e5 Bb7 13. Be3 Nb4 14. Rd2 Nd5 15. Nxd5 exd5 16. c3 g6 17. Ne1 O-O-O 18. Nd3 d4 19. cxd4 cxd4 20. Bf2 Rd7 21. b4 h5 22. Kg1 Kb8 23. Rc1 Rc8 24. Rxc8+ Kxc8 25. a3 Rc7 26. Bxd4 Rc4 27. Ne1 a5 28. bxa5 Bxa3 29. Rc2 Bb4 30. Rxc4+ bxc4 31. Kf2 Bxa5 32. Nc2 Be4 33. Na3 Bd3 34. Ke3 Kd7 35. Nb5 Bb4 36. Nc3 Ke6 37. g3 Ba3 38. Nb5 Bc1+ 39. Kf2 Bd2 40. Bc3 Bxc3 41. Nxc3 f6 42. exf6 Kxf6 43. h3 Kf5 44. Kf3 Bc2 45. g4+ hxg4+ 46. hxg4+ Kf6 47. Nd5+ Ke6 48. Ne3 Bd3 49. Nd1 Kd5 50. Ke3 Bf1 51. Nc3+ Kc5 52. Ke4 Kb4 53. Kd4 Bd3 54. g5 Kb3 55. Nd5 Kc2 56. Ne3+ Kd2 57. Nxc4+ Ke2 58. Ne5 Bf5 59. Nxg6 Bxg6 60. Ke5 Kf3 61. f5 Be8 62. g6 Kg4 63. Kf6 Bb5 64. g7 Bc4 65. Kg6 Kf4 66. f6 Ke5 67. f7 Bd3+ 68. Kh6 1-0


[Site "https://www.chess.com"]

[Event "Titled Tuesday Blitz April 11 Early 2023"]
[White "morozcoma"]
[Black "Minko, Dmitry"]
[BlackFideId "24188468"]
[WhiteElo "2281"]
[BlackElo "2147"]
[Result "0-1"]
[Round "07"]
[TimeControl "180+2"]
[Date "2023.04.11"]
[WhiteClock "0:02:14"]
[BlackClock "0:00:31"]

1. e4 e5 2. Nf3 Nc6 3. Nc3 Nf6 4. Bb5 Nd4 5. Nxd4 exd4 6. e5 dxc3 7. exf6 Qxf6 8. dxc3 Bc5 9. O-O O-O 10. Bxd7 Bxd7 11. Qxd7 Rad8 12. Qg4 h6 13. Bf4 Rfe8 14. Bxc7 Rd2 15. Bg3 Rxc2 16. Rad1 Rxb2 17. Rd7 Rxf2 18. Bxf2 Qxf2+ 19. Rxf2 Re1# 0-1


[Site "https://www.chess.com"]

[Event "Titled Tuesday Blitz April 11 Early 2023"]
[White "Chernov, Mikhail"]
[Black "Coelho, Ramyres Santana"]
[WhiteFideId "24143170"]
[BlackFideId "2120690"]
[WhiteElo "2113"]
[BlackElo "1888"]
[Result "1-0"]
[Round "07"]
[TimeControl "180+2"]
[Date "2023.04.11"]
[WhiteClock "0:01:00"]
[BlackClock "0:00:02"]

1. e4 c5 2. Nf3 d6 3. d4 cxd4 4. Nxd4 Nf6 5. Nc3 a6 6. Bc4 e6 7. Bb3 Be7 8. g4 O-O 9. g5 Nfd7 10. Rg1 Nc5 11. Qh5 Nxb3 12. axb3 Nc6 13. Be3 Nxd4 14. Bxd4 e5 15. Be3 Be6 16. O-O-O b5 17. f4 exf4 18. Bxf4 Qb6 19. Kb1 b4 20. Nd5 Bxd5 21. exd5 a5 22. Rg3 g6 23. Qh6 f5 24. Be3 Qc7 25. Bd4 Rf7 26. Rh3 Rc8 27. Qxg6+ Kf8 28. Qh6+ Ke8 29. c4 bxc3 30. Bxc3 a4 31. g6 hxg6 32. Qxg6 axb3 33. Rh8+ Bf8 34. Re1+ Kd8 35. Bf6+ Kd7 36. Qxf7+ 1-0


[Site "https://www.chess.com"]